 Dungeon Crawl Stone Soup version 0.27.1-3-gb3d3a73c9e (webtiles) character file.

Game seed: 8187352200373110499

54306 Froggeryz the Bludgeoner (level 14, -1/121 HPs)
             Began as a Minotaur Fighter on Oct 11, 2021.
             Was the Champion of Okawaru.
             Slain by an orc warrior (8 damage)
             ... led by an orc high priest
             ... on level 1 of the Orcish Mines on Oct 25, 2021.
             The game lasted 00:31:24 (28574 turns).

Froggeryz the Bludgeoner (Minotaur Fighter)        Turns: 28574, Time: 00:31:24

Health: -1/121     AC: 18    Str: 25    XL:     14   Next: 34%
Magic:  18/18      EV:  9    Int:  8    God:    Okawaru [******]
Gold:   1413       SH: 14    Dex: 10    Spells: 13/13 levels left

rFire    + . .     SeeInvis +   s - +0 morningstar (drain)
rCold    . . .     Faith    .   c - +0 kite shield
rNeg     . . .     Spirit   .   q - +0 plate armour
rPois    .         Reflect  .   X - +1 hat of Pleasant Breezes {rF+ Int+2}
rElec    .         Harm     .   m - +0 cloak
rCorr    .         Rampage  .   (no gloves)
Will     ++...                  J - +0 pair of boots
Stlth    ..........             l - amulet of the acrobat
HPRegen  0.30/turn              I - ring of see invisible
MPRegen  0.16/turn              N - ring of willpower

@: no status effects
A: horns 2, retaliatory headbutt
a: Renounce Religion, Heroism, Finesse


You were on level 1 of the Orcish Mines.
You worshipped Okawaru.
Okawaru was exalted by your worship.
You visited 3 branches of the dungeon, and saw 18 of its levels.

You collected 1509 gold pieces.
You spent 96 gold pieces at shops.

Inventory:

Hand Weapons
 s - a +0 morningstar of draining (weapon)
 E - a +0 whip of freezing
 Z - the +3 Elemental Staff {rElec rF++ rC++ Will++ AC+5}
   (You found it on level 6 of the Lair of Beasts)

   If the wielder is skilled in Evocations, they can discharge powerful blasts
   of elemental energy when striking with it.
   It enhances your fire, ice, earth and air magic.
   AC:        It affects your AC (+5).
   rF:        It greatly protects you from fire.
   rC:        It greatly protects you from cold.
   rElec:     It insulates you from electricity.
   Will:      It greatly increases your willpower.
Missiles
 k - 16 poisoned darts (quivered)
 r - a throwing net
 B - a curare-tipped dart
 L - 5 boomerangs of dispersal
 M - 15 atropa-tipped darts
 O - 7 silver javelins
Armour
 c - a +0 kite shield (worn)
 m - a +0 cloak (worn)
 q - a +0 plate armour (worn)
 J - a +0 pair of boots (worn)
 X - the +1 hat of Pleasant Breezes (worn) {rF+ Int+2}
   (Okawaru gifted it to you on level 6 of the Lair of Beasts)

   Int:       It affects your intelligence (+2).
   rF:        It protects you from fire.
Jewellery
 j - a ring of resist corrosion
 l - an amulet of the acrobat (around neck)
 C - a ring of protection from cold
 I - a ring of see invisible (left hand)
 N - a ring of willpower (right hand)
 Q - a ring of protection from cold
 U - a ring of fire
 W - the ring of Pasyuch {rF- rN++ Will+ Str+6 Dex+2}
   (You found it on level 6 of the Lair of Beasts)

   [ring of strength]

   Str:       It affects your strength (+6).
   Dex:       It affects your dexterity (+2).
   rF:        It makes you vulnerable to fire.
   rN:        It greatly protects you from negative energy.
   Will:      It increases your willpower.
Wands
 f - a wand of digging (6)
 G - a wand of paralysis (5)
 S - a wand of iceblast (10)
Scrolls
 a - a scroll of immolation
 d - 4 scrolls of fog
 e - 2 scrolls of enchant armour
 h - 4 scrolls of silence
 n - 2 scrolls of holy word
 o - 2 scrolls of enchant weapon
 t - 8 scrolls of teleportation
 F - 2 scrolls of amnesia
 P - a scroll of brand weapon
Potions
 b - 2 potions of flight {unknown}
 p - 2 potions of cancellation
 u - a potion of berserk rage {unknown}
 v - a potion of degeneration {unknown}
 w - 3 potions of lignification
 x - a potion of haste
 z - 4 potions of ambrosia
 A - 2 potions of mutation
 D - 2 potions of curing
 H - 2 potions of brilliance
 T - a potion of might
 V - a potion of resistance {unknown}
Miscellaneous
 i - a phantom mirror
 K - a phial of floods
 R - a condenser vane


   Skills:
 - Level 10.0 Fighting
 - Level 16.1 Maces & Flails
 - Level 8.2 Throwing
 * Level 9.8 Armour
 - Level 6.2 Dodging
 - Level 15.0 Shields
 + Level 7.3 Invocations
 - Level 4.3 Evocations


You had 13 spell levels left.
You didn't know any spells.
Your spell library contained the following spells:

 Spells                   Type           Power      Damage    Failure   Level
 Corona                   Hex            0%         N/A       99%         1
 Freeze                   Ice            0%         1d3       99%         1
 Magic Dart               Conj           0%         1d3       99%         1
 Call Imp                 Summ           0%         N/A       100%        2
 Ensorcelled Hibernation  Hex/Ice        0%         N/A       100%        2
 Searing Ray              Conj           0%         3d3       100%        2
 Static Discharge         Conj/Air       0%         N/A       100%        2
 Sublimation of Blood     Necr           0%         N/A       100%        2
 Wereblood                Tmut           0%         N/A       100%        2
 Frozen Ramparts          Ice            0%         1d2       100%        3
 Inner Flame              Hex/Fire       0%         N/A       100%        3
 Mephitic Cloud           Conj/Pois/Air  0%         N/A       100%        3
 Tukima's Dance           Hex            0%         N/A       100%        3
 Cause Fear               Hex            0%         N/A       100%        4
 Hailstorm                Conj/Ice       0%         3d3       100%        4
 Petrify                  Tmut/Erth      0%         N/A       100%        4
 Sticky Flame             Conj/Fire      0%         2d3       100%        4
 Irradiate                Conj/Tmut      0%         3d14      100%        5
 Lightning Bolt           Conj/Air       0%         1d11      100%        5
 Malign Gateway           Summ/Tloc      0%         N/A       100%        7
 Summon Hydra             Summ           0%         N/A       100%        7
 Discord                  Hex            0%         N/A       100%        8
 Maxwell's Capacitive Co  Air            0%         ∞         100%        8
 Summon Horrible Things   Summ           0%         N/A       100%        8


Dungeon Overview and Level Annotations

Branches:
Dungeon (10/15)            Temple (0/1) D:6            Lair (6/6) D:10
 Shoals (0/4) Lair:2        Snake (0/4) Lair:3        Slime (0/5) Lair:5
    Orc (2/2) D:9             Elf (0/3) Orc:2

Altars:
Ashenzari
Cheibriados
Dithmenos
Elyvilon
Fedhas
Hepliaklqana
Kikubaaqudgha
Okawaru
Ru
Sif Muna
Uskayaw
Xom
Zin
Beogh
Jiyva
Lugonu

Shops:
D:1 (   D:6 ?*   D:8 :   Orc:2 :

Annotations:
D:9 3 runed translucent doors, makewrite's ghost, novice MiGl
Lair:5 exclusion: 4 oklob plants


Innate Abilities, Weirdness & Mutations

You have a pair of horns on your head.
You reflexively headbutt those who attack you in melee.


Message History

The orc priest begins to cast a cantrip, but forgets the words!
The orc priest looks braver for a moment.
The orc priest calls down the wrath of Beogh upon you.
Beogh smites you!
* * * LOW HITPOINT WARNING * * *
You feel much better.
The orc priest hits you with a +0 war axe.
* * * LOW HITPOINT WARNING * * *
The orc priest invokes the aid of Beogh against you.
Beogh smites you!
* * * LOW HITPOINT WARNING * * *
An orc knight comes into view. It is wielding a +0 dire flail.
You feel much better. You block the orc priest's attack.
The orc priest invokes the aid of Beogh against you.
Beogh smites you!
* * * LOW HITPOINT WARNING * * *
The orc priest barely misses you. You furiously retaliate!
You headbutt the orc priest!
You hear a shout!
You block the orc's attack.
The orc priest calls upon Beogh to heal the orc priest.
The orc priest is healed somewhat.
The orc priest calls upon Beogh to heal the orc priest.
The orc priest is healed somewhat.
The orc wizard gestures wildly while chanting.
The orc wizard flickers and vanishes for a moment.
The orc priest looks satisfied for a moment.
The orc priest calls down the wrath of Beogh upon you.
Beogh smites you!
* * * LOW HITPOINT WARNING * * *
There is an escape hatch in the ceiling here.
The orc priest invokes the aid of Beogh against you.
Beogh smites you!
* * * LOW HITPOINT WARNING * * *
A mysterious force pulls you upwards. The hatch slams shut behind you.
The orc warrior shouts!
You hear a shout! x3
An orc high priest comes into view. It is wielding a +0 hand axe.
An orc comes into view. It is wielding a +0 short sword.
The orc warrior hits you from afar with a +0 halberd!
You die...

### ##.#
#... ##..
### #...
##.## ##...
... #....
#.## ##.##
#@.# ###
....o...o.#
.....o....#
......#..##
....#o####
....oo
..... .....


You could see an orc high priest, an orc sorcerer, an orc warrior and 3 orcs.

Vanquished Creatures
  The ghost of Ixoagrun the Bludgeoner, a journeyman MiFi of Okawaru (Lair:3)
  A fire dragon (Lair:6)
  3 boulder beetles (Lair:6)
  6 hydras
  A two-headed ogre (D:9)
  A tengu warrior (D:10)
  A centaur warrior (D:10)
  4 death yaks
  Urug (Orc:1)
  An orc high priest (Orc:1)
  3 lindwurms
  Pikel (D:8)
  An orc knight (D:9)
  An oklob plant (Lair:1)
  6 elephants (Lair:6)
  2 torpor snails (Lair:5)
  5 black mambas
  2 molten gargoyles (Lair:6)
  7 cane toads
  4 rime drakes
  3 kobold demonologists (D:10)
  17 komodo dragons
  A tengu conjurer (D:10)
  A troll (D:10)
  2 polar bears (Lair:2)
  17 blink frogs
  Sigmund (D:2)
  2 wraiths (D:9)
  5 basilisks
  8 wyverns
  52 yaks
  4 steam dragons
  A death yak simulacrum (Lair:3)
  Menkaure (D:4)
  3 wargs
  An acid dragon (D:9)
  3 nagas (Lair:3)
  12 water moccasins
  A hydra simulacrum (Lair:3)
  3 hell hounds (Lair:6)
  11 orc warriors
  An ice beast (D:7)
  A sky beast (D:8)
  8 ogres
  4 black bears
  A necrophage (D:5)
  4 centaurs
  27 wolves
  A lemure (D:8)
  A phantom (D:6)
  8 bullfrogs
  A kobold brigand (D:8)
  A wyvern zombie (D:6)
  A gnoll sergeant (D:9)
  A water moccasin zombie (D:6)
  3 scorpions
  A cane toad simulacrum (Lair:3)
  A wyvern skeleton (D:7)
  20 killer bees
  A blink frog simulacrum (Lair:3)
  8 electric eels
  3 howler monkeys
  5 lava snakes (Lair:6)
  4 centaur zombies
  2 bullfrog zombies (D:6)
  2 jellies
  9 orc priests
  3 centaur skeletons
  4 hounds
  Crazy Yiuf (D:4)
  3 bullfrog skeletons
  3 iguanas
  12 orc wizards
  A killer bee zombie (D:6)
  7 adders
  5 gnolls (D:9)
  A white imp (D:5)
  3 worms
  3 dart slugs
  45 orcs
  9 endoplasms
  4 goblins
  9 hobgoblins
  3 quokkas
  8 ball pythons
  6 bats
  5 frilled lizards
  9 kobolds
  6 rats
470 creatures vanquished.

Vanquished Creatures (others)
  A black mamba (Lair:6)
  8 demonic plants (D:10)
  20 fungi
  35 plants
  A withered plant (D:6)
65 creatures vanquished.

Grand Total: 535 creatures vanquished

Notes
Turn   | Place    | Note
-------+----------+-------------------------------------------
     0 | D:1      | Froggeryz the Minotaur Fighter began the quest for the Orb.
     0 | D:1      | Reached XP level 1. HP: 19/19 MP: 0/0
   282 | D:1      | Reached skill level 3 in Maces & Flails
   333 | D:1      | Reached XP level 2. HP: 26/26 MP: 1/1
   631 | D:1      | Found Vaczots's Weapon Emporium.
  1127 | D:2      | Reached XP level 3. HP: 31/31 MP: 2/2
  1288 | D:2      | Noticed Sigmund
  1298 | D:2      | Killed Sigmund
  1299 | D:2      | Reached skill level 5 in Maces & Flails
  1299 | D:2      | Reached skill level 5 in Armour
  1299 | D:2      | Reached XP level 4. HP: 23/39 MP: 3/3
  1299 | D:2      | Reached XP level 5. HP: 26/45 MP: 4/4
  1634 | D:2      | Reached skill level 6 in Maces & Flails
  2058 | D:3      | Found a faded altar of an unknown god.
  2112 | D:3      | Reached XP level 6. HP: 26/51 MP: 5/5
  2113 | D:3      | HP: 1/51 [orc priest/divine providence (14)]
  2434 | D:3      | Found a sacrificial altar of Ru.
  2450 | D:3      | Found a blossoming altar of Fedhas.
  3048 | D:4      | Reached skill level 7 in Maces & Flails
  3355 | D:4      | Noticed Menkaure
  3366 | D:4      | Killed Menkaure
  3367 | D:4      | Reached skill level 8 in Maces & Flails
  3367 | D:4      | Reached skill level 5 in Shields
  3367 | D:4      | Reached XP level 7. HP: 18/57 MP: 6/6
  3611 | D:4      | Found a runed translucent door.
  3612 | D:4      | Noticed Crazy Yiuf
  3971 | D:4      | Killed Crazy Yiuf
  4016 | D:5      | Entered Level 5 of the Dungeon
  4282 | D:5      | Reached skill level 9 in Maces & Flails
  4706 | D:5      | Reached XP level 8. HP: 64/64 MP: 7/7
  4789 | D:5      | Found a broken altar of Ashenzari.
  4925 | D:5      | Found an ancient bone altar of Kikubaaqudgha.
  5063 | D:6      | Reached skill level 10 in Maces & Flails
  5244 | D:6      | You fall into a shaft and drop 1 floor!
  5287 | D:7      | Found an iron altar of Okawaru.
  5400 | D:7      | Found a snail-covered altar of Cheibriados.
  5487 | D:6      | Found Wicuyb's CLEARANCE SALE! EVERYTHING MUST GO!.
  5512 | D:6      | Reached skill level 11 in Maces & Flails
  5652 | D:6      | Found Suaseiv's Magic Scroll Emporium.
  5656 | D:6      | Bought a scroll of teleportation for 36 gold pieces
  5656 | D:6      | Bought a scroll of teleportation for 36 gold pieces
  5656 | D:6      | Bought a scroll of fog for 24 gold pieces
  5659 | D:6      | Found a staircase to the Ecumenical Temple.
  5834 | D:6      | Found a hide-covered altar of Uskayaw.
  6042 | D:6      | Reached XP level 9. HP: 70/70 MP: 8/8
  6163 | D:6      | Found a shadowy altar of Dithmenos.
  6270 | D:7      | Became a worshipper of Warmaster Okawaru
  6288 | D:7      | Found a hazy altar of Hepliaklqana.
  6574 | D:7      | Found a white marble altar of Elyvilon.
  6585 | D:7      | Reached skill level 12 in Maces & Flails
  6734 | D:7      | Reached * piety under Okawaru
  6742 | D:7      | Found a shimmering altar of Xom.
  7280 | D:8      | Found Nor Tyith's Book Boutique.
  7354 | D:8      | Reached skill level 5 in Fighting
  7832 | D:8      | Noticed Pikel
  7852 | D:8      | Killed Pikel
  7853 | D:8      | Reached skill level 13 in Maces & Flails
  7931 | D:8      | Reached ** piety under Okawaru
  7966 | D:8      | Found a glowing silver altar of Zin.
  8450 | D:9      | Found a runed translucent gate.
  8450 | D:9      | Found a runed translucent gate.
  8450 | D:9      | Found a runed translucent gate.
  8465 | D:9      | Reached XP level 10. HP: 50/84 MP: 9/9
  8610 | D:9      | Noticed makewrite's ghost (novice MiGl)
  8663 | D:9      | Reached skill level 14 in Maces & Flails
  9485 | D:9      | Noticed a two-headed ogre
  9494 | D:9      | Killed a two-headed ogre
  9494 | D:9      | Reached *** piety under Okawaru
 10046 | D:9      | Found a staircase to the Orcish Mines.
 10125 | D:9      | Reached skill level 15 in Maces & Flails
 10218 | D:9      | Reached **** piety under Okawaru
 10299 | D:9      | Found a shimmering blue altar of Sif Muna.
 10678 | D:9      | Found a viscous altar of Jiyva.
 10692 | D:10     | Entered Level 10 of the Dungeon
 10707 | D:10     | Found a corrupted altar of Lugonu.
 10712 | D:10     | Noticed a sixfirhy
 10715 | D:10     | Noticed a sun demon
 10827 | D:10     | Noticed a tengu warrior
 10844 | D:10     | HP: 3/88 [tengu conjurer/bolt of lightning[a tengu warrior]
                  | (13)]
 11247 | D:10     | Killed a tengu warrior
 11248 | D:10     | Reached XP level 11. HP: 23/94 MP: 10/10
 12234 | D:10     | Noticed a centaur warrior
 12249 | D:10     | Killed a centaur warrior
 12250 | D:10     | Reached skill level 16 in Maces & Flails
 12250 | D:10     | Reached skill level 1 in Invocations
 12365 | D:10     | Reached skill level 1 in Dodging
 12431 | D:10     | Found a staircase to the Lair.
 12597 | D:10     | Reached ***** piety under Okawaru
 13342 | Lair:1   | Entered Level 1 of the Lair of Beasts
 13357 | Lair:1   | Received a gift from Okawaru
 13690 | Lair:1   | Reached skill level 5 in Dodging
 13754 | Lair:1   | Noticed an oklob plant
 13920 | Lair:1   | Killed an oklob plant
 14363 | Lair:1   | Reached skill level 1 in Throwing
 14526 | Lair:1   | Reached skill level 5 in Invocations
 14554 | Lair:1   | Got the Collected Works on Battle Magic
 14796 | Lair:1   | Reached skill level 1 in Evocations
 15280 | Lair:2   | Received a gift from Okawaru
 15325 | Lair:2   | Noticed an eight-headed hydra
 15330 | Lair:2   | Killed an eight-headed hydra
 15331 | Lair:2   | Reached XP level 12. HP: 84/101 MP: 12/15
 15956 | Lair:2   | Reached skill level 5 in Throwing
 15969 | Lair:2   | Received a gift from Okawaru
 16753 | Lair:2   | Found a staircase to the Shoals.
 17709 | Lair:3   | Found a staircase to the Snake Pit.
 17721 | Lair:3   | Received a gift from Okawaru
 17722 | Lair:3   | Reached skill level 10 in Shields
 17992 | Lair:3   | Noticed Ixoagrun's ghost (journeyman MiFi)
 18234 | Lair:3   | Found a runed translucent gate.
 18234 | Lair:3   | Found a runed translucent gate.
 18235 | Lair:3   | Found a runed translucent gate.
 19133 | Lair:3   | Killed Ixoagrun's ghost
 19133 | Lair:3   | Received a gift from Okawaru
 19346 | Lair:4   | Noticed a five-headed hydra
 19354 | Lair:4   | Killed a five-headed hydra
 19354 | Lair:4   | Identified the +3 shortbow of Piumes {flame, Fly Will+
                  | Stlth+} (Okawaru gifted it to you on level 4 of the Lair of
                  | Beasts)
 19354 | Lair:4   | Received a gift from Okawaru
 20648 | Lair:5   | Noticed a death yak
 20651 | Lair:5   | Noticed a death yak
 20651 | Lair:5   | Noticed a death yak
 20651 | Lair:5   | Noticed a death yak
 20654 | Lair:5   | Noticed a seven-headed hydra
 20657 | Lair:5   | Killed a death yak
 20692 | Lair:4   | Killed a death yak
 20693 | Lair:4   | Reached skill level 10 in Fighting
 20693 | Lair:4   | Reached XP level 13. HP: 83/113 MP: 16/16
 21679 | Lair:5   | Received a gift from Okawaru
 22665 | Lair:5   | Found a staircase to the Slime Pits.
 22898 | Lair:6   | Entered Level 6 of the Lair of Beasts
 23269 | Lair:5   | Reached ****** piety under Okawaru
 23589 | Lair:5   | Identified the +1 plate armour "Bunoxzuasu" {rC- Int-5
                  | Dex+9 Stlth+} (Okawaru gifted it to you on level 5 of the
                  | Lair of Beasts)
 23589 | Lair:5   | Received a gift from Okawaru
 24471 | Lair:6   | Reached skill level 15 in Shields
 25164 | Lair:5   | Reached XP level 14. HP: 29/121 MP: 17/17
 25920 | Lair:6   | Found a glowing silver altar of Zin.
 25982 | Lair:6   | Identified the ring of Pasyuch {rF- rN++ Will+ Str+6 Dex+2}
 26063 | Lair:6   | Identified the +1 hat of Pleasant Breezes {rF+ Int+2}
                  | (Okawaru gifted it to you on level 6 of the Lair of Beasts)
 26063 | Lair:6   | Received a gift from Okawaru
 26295 | Lair:6   | Found a large runed translucent door.
 26296 | Lair:6   | Found a large runed translucent door.
 26312 | Lair:6   | Found the +3 Elemental Staff {rElec rF++ rC++ Will++ AC+5}
 26741 | Orc:1    | Entered Level 1 of the Orcish Mines
 26781 | Orc:1    | Noticed Urug
 27219 | Orc:1    | Killed Urug
 27511 | Orc:2    | Entered Level 2 of the Orcish Mines
 28408 | Orc:2    | Found Xaiczuti's Self-Improvement Boutique.
 28450 | Orc:2    | Found a staircase to the Elven Halls.
 28574 | Orc:1    | Slain by an orc warrior

Illustrated notes

Levels and vault maps discovered:
D:1:      dpeg_arrival_snail, layout_loops_corners, serial_shops,
          nicolae_lakefront_shop, minmay_misc_feat_secret_circle
D:2:      layout_basic, solitary_fountain, uniq_sigmund
D:3:      layout_basic, jmf_multi_god_temple, basic_ecumenical_altar,
          kennysheep_generic_room_4
D:4:      layout_rooms, ebering_dispersal_statue_hall, uniq_crazy_yiuf_cottage,
          uniq_menkaure
D:5:      layout_basic, mainiacjoe_overflow_concentric_impassable,
          kennysheep_mini
D:6:      layout_loops_ring, nicolae_dithmenos_through_a_glass_darkly,
          kennysheep_mini_moat, minmay_temple_entry_gardened_gates,
          serial_undead, serial_undead_b, serial_undead_d, serial_undead_d,
          serial_undead_f, serial_shops, shop, roderic_lattice_a,
          hellmonk_bongcloud_opening, nicolae_shop_clearance
D:7:      layout_cave_pods, mainiacjoe_overflow_paths, slow_altar_1,
          mainiacjoe_overflow_alcove_1, elyvilon_altar_3, amcnicky_altar_gilded
D:8:      layout_loops_ring, mainiacjoe_overflow_surrounded_room, serial_shops,
          shop_statue, uniq_pikel
D:9:      wad_lake_hut, layout_basic, tgw_sif, orc_0_dummy, gammafunk_ghost_ooze
D:10:     kennysheep_kobold_lugonu_temple, layout_basic, erik_lair_island
Lair:1:   layout_gridlike, minmay_lair_oklob_chamber
Lair:2:   layout_concentric_octagons, elwin_shoals_entry_rocks
Lair:3:   layout_long_grid, guppyfry_snake_entry_island, gammafunk_ghost_icy,
          beast_lair_carwin_11
Lair:4:   layout_layer_cave, serial_bayou_shore_b
Lair:5:   layout_hall_layers, minmay_slime_entry_oklob_open,
          chequers_serial_rivers_large_a, grunt_megastairs_5
Lair:6:   cheibrodos_lair_end_hotspot, layout_hall_layers, basic_altar,
          minmay_lindwurm_lava
Orc:1:    layout_caves, uniq_urug
Orc:2:    st_orc_congregation, layout_diamond_mine, basic_altar,
          nicolae_shop_self_help

Skill      XL: |  1  2  3  4  5  6  7  8  9 10 11 12 13 14 |
---------------+-------------------------------------------+-----
Maces & Flails | 3 5 6 8 9 11 13 15 16 | 16.1
Armour         | 4 5 7 9 |  9.8
Shields        | 5 6 8 9 12 15 | 15.0
Fighting       | 6 8 10 | 10.0
Invocations    | 5 6 7 |  7.3
Dodging        | 6 |  6.2
Throwing       | 4 6 8 |  8.2
Evocations     | 2 4 |  4.3

Action                   |  1- 3 |  4- 6 |  7- 9 | 10-12 | 13-15 || total
-------------------------+-------+-------+-------+-------+-------++-------
Melee: Flail             |    43 |   143 |   314 |   581 |       ||  1081
       Headbutt          |     8 |    26 |    65 |   174 |   147 ||   420
       Morningstar       |       |       |       |   326 |   655 ||   981
Throw: Dart              |       |       |       |     6 |       ||     6
Invok: Heroism           |       |       |       |     4 |       ||     4
Evoke: Wand              |       |       |       |    12 |       ||    12
       Phantom mirror    |       |       |       |     1 |       ||     1
  Use: Potion            |     1 |     3 |     1 |     1 |     3 ||     9
       Scroll            |       |       |    12 |     9 |     3 ||    24
 Stab: Paralysed         |       |       |       |     1 |       ||     1
Armor: Scale mail        |    13 |    75 |    23 |       |       ||   111
       Plate armour      |       |       |   157 |   408 |   287 ||   852
Dodge: Dodged            |    10 |    52 |    87 |   245 |   273 ||   667
Block: Kite shield       |    16 |    88 |   180 |   555 |   472 ||  1311
